[Event "ESP-ch Rapid 2018"]
[Site "Linares"]
[Date "2018.08.19"]
[Round "6"]
[White "De La Fuente Gonzalez, Francisco"]
[Black "Camacho Collados, Marcos"]
[Result "0-1"]
[ECO "A05"]
[WhiteElo "2174"]
[BlackElo "2393"]
[Annotator "NA"]
[PlyCount "68"]
[EventDate "2018.08.19"]
[EventType "team-tourn"]
[EventCountry "ESP"]
[SourceTitle "playchess.com"]
[Source "ChessBase"]
[SourceQuality "1"]
[TimeControl "900+5"]

1. Nf3 Nf6 2. c4 b6 3. g3 Bb7 4. Bg2 e6 5. O-O Be7 6. Nc3 O-O 7. Re1 Bb4 8. a3 Bxc3 9. dxc3 d6 10. Bg5 h6 11. Bxf6 Qxf6 12. Qc2 Nc6 13. Rad1 e5 14. b4 Rfe8 15. Nh4 g6 16. Bd5 Kg7 17. Qa4 a5 18. Bxc6 axb4 19. Bxe8 Rxa4 20. Bxa4 bxc3 21. Ng2 Qd8 22. Ne3 Qa8 23. Bc2 Qxa3 24. Ra1 Qc5 25. Ra7 Bc8 26. Nd5 c6 27. Rc7 Be6 28. Ne7 Qd4 29. Rd1 Qxc4 30. Rxc6 Qxe2 31. Rxc3 d5 32. Rb1 d4 33. Rc7 d3 34. Bb3 Bxb3 0-1

[Event "ESP-ch Rapid 2018"]
[Site "Linares"]
[Date "2018.08.19"]
[Round "6"]
[White "Salvador Lopez, Daniel"]
[Black "Perdomo Araujo, Angel Eduardo"]
[Result "1-0"]
[ECO "A45"]
[WhiteElo "2162"]
[BlackElo "2100"]
[Annotator "NA"]
[PlyCount "101"]
[EventDate "2018.08.19"]
[EventType "team-tourn"]
[EventCountry "ESP"]
[SourceTitle "playchess.com"]
[Source "ChessBase"]
[SourceQuality "1"]
[TimeControl "900+5"]

1. d4 Nf6 2. Bg5 g6 3. Bxf6 exf6 4. e3 d5 5. g3 Bg7 6. Bg2 O-O 7. Ne2 c6 8. O-O Re8 9. Nd2 Nd7 10. c4 Nb6 11. cxd5 Nxd5 12. Nc3 Nxc3 13. bxc3 f5 14. Nb3 Qe7 15. Nc5 Be6 16. Rb1 Rab8 17. Nxe6 fxe6 18. Qb3 Kh8 19. Qa4 a6 20. Rb6 e5 21. Rfb1 exd4 22. cxd4 c5 23. Rxb7 Qf8 24. Rxb8 Rxb8 25. Rxb8 Qxb8 26. dxc5 Qb5 27. Qxb5 axb5 28. a3 Kg8 29. Bf1 Kf8 30. Bxb5 Ke7 31. Kf1 Bb2 32. a4 Ba3 33. c6 Kd6 34. Ke2 Bb4 35. f3 Ba5 36. Kd3 Bb6 37. e4 fxe4+ 38. Kxe4 h6 39. f4 Bd8 40. h3 Ba5 41. g4 Bc7 42. g5 hxg5 43. fxg5 Ba5 44. Kf4 Bc7 45. Kg4 Ke7 46. Bc4 Kf8 47. h4 Kg7 48. Bd3 Kf7 49. h5 gxh5+ 50. Kxh5 Kg7 51. Kg4 1-0

[Event "ESP-ch Rapid 2018"]
[Site "Linares"]
[Date "2018.08.19"]
[Round "6"]
[White "Cuevas Fernandez, Jose Alberto"]
[Black "Campos Gambuti, Luis Maria"]
[Result "0-1"]
[ECO "D02"]
[WhiteElo "2147"]
[BlackElo "2382"]
[Annotator "NA"]
[PlyCount "68"]
[EventDate "2018.08.19"]
[EventType "team-tourn"]
[EventCountry "ESP"]
[SourceTitle "playchess.com"]
[Source "ChessBase"]
[SourceQuality "1"]
[TimeControl "900+5"]

1. d4 d5 2. Nf3 c5 3. e3 Nc6 4. c3 e6 5. g3 Nf6 6. Bg2 Bd6 7. O-O O-O 8. Re1 b6 9. b3 Bb7 10. Bb2 Qe7 11. Nbd2 Rac8 12. Qe2 e5 13. dxe5 Nxe5 14. Nh4 g6 15. Rad1 c4 16. bxc4 Ba6 17. Nhf3 Nxc4 18. Nxc4 Bxc4 19. Qc2 Bxa2 20. c4 Rxc4 21. Qd3 Rfc8 22. Ra1 Ra4 23. Rac1 Rac4 24. Ra1 Ra4 25. Rac1 Rc5 26. Rxc5 Bxc5 27. Qc3 Bb4 28. Qc8+ Kg7 29. Ne5 Bxe1 30. Qc6 Rc4 31. Nxc4 dxc4 32. Bd4 Qe6 33. Qc7 c3 34. Bh3 Qxh3 0-1

[Event "ESP-ch Rapid 2018"]
[Site "Linares"]
[Date "2018.08.19"]
[Round "6"]
[White "Fernandez Torre, Ivan"]
[Black "Llobell Cortell, Enrique"]
[Result "0-1"]
[ECO "A50"]
[WhiteElo "2128"]
[BlackElo "2411"]
[Annotator "NA"]
[PlyCount "194"]
[EventDate "2018.08.19"]
[EventType "team-tourn"]
[EventCountry "ESP"]
[SourceTitle "playchess.com"]
[Source "ChessBase"]
[SourceQuality "1"]
[TimeControl "900+5"]

1. d4 Nf6 2. c4 Nc6 3. Nf3 e6 4. Nc3 Bb4 5. e3 Bxc3+ 6. bxc3 d6 7. Bd3 e5 8. e4 O-O 9. O-O h6 10. h3 Re8 11. Re1 b6 12. Qc2 Ba6 13. Be3 Na5 14. Nd2 Nc6 15. Nf3 exd4 16. Bxd4 Ne5 17. Nxe5 dxe5 18. Be3 c5 19. a4 Qd7 20. a5 Qe6 21. Qe2 Red8 22. axb6 axb6 23. Reb1 Nd7 24. Ra2 Bb7 25. Rba1 Rxa2 26. Rxa2 Ra8 27. Rxa8+ Bxa8 28. Qa2 Bb7 29. Qa7 Qc6 30. f3 Bc8 31. Bc2 Qb7 32. Qa4 Qa6 33. Qc6 Nf8 34. Qa4 Qxa4 35. Bxa4 Bd7 36. Bb5 f6 37. Kf2 Kf7 38. Ke2 Ke6 39. Kd3 Ng6 40. g3 Ne7 41. Bxd7+ Kxd7 42. f4 Ke6 43. Bc1 Nc8 44. Bd2 Nd6 45. Be3 g5 46. f5+ Kd7 47. h4 gxh4 48. gxh4 h5 49. Bh6 Nf7 50. Bg7 Ke7 51. Ke3 Nd6 52. Kd3 Kf7 53. Bh6 Kg8 54. Be3 Nf7 55. Bd2 Kf8 56. Be3 Ke7 57. Bd2 Kd7 58. Be3 Kc6 59. Bd2 Kc7 60. Be3 Nd6 61. Bh6 Kd7 62. Bg7 Ke7 63. Bh6 b5 64. cxb5 c4+ 65. Kc2 Nxe4 66. b6 Kd7 67. Kb2 Kc6 68. Be3 Nd6 69. Ka3 Nxf5 70. Bf2 e4 71. Kb4 e3 72. Be1 Nd6 73. b7 Kxb7 74. Kc5 Nf5 75. Kxc4 Kc6 76. Kd3 Kd5 77. c4+ Kc5 78. Ke4 Nd6+ 79. Kxe3 Kxc4 80. Kf4 Kd5 81. Bf2 Ke6 82. Be1 Nf5 83. Bf2 Ne7 84. Be1 Ng6+ 85. Ke4 Ne7 86. Kf4 Nd5+ 87. Ke4 f5+ 88. Kf3 Ke5 89. Ba5 Ne7 90. Bc3+ Ke6 91. Be1 Ng6 92. Bf2 Ke5 93. Be1 f4 94. Bf2 Kf5 95. Be1 Ne5+ 96. Kg2 Kg4 97. Bc3 Nf3 0-1

[Event "ESP-ch Rapid 2018"]
[Site "Linares"]
[Date "2018.08.19"]
[Round "6"]
[White "Cuesta Bustos, Raul"]
[Black "Galiana Fernandez, Adrian"]
[Result "0-1"]
[ECO "B21"]
[WhiteElo "2126"]
[BlackElo "2291"]
[Annotator "NA"]
[PlyCount "98"]
[EventDate "2018.08.19"]
[EventType "team-tourn"]
[EventCountry "ESP"]
[SourceTitle "playchess.com"]
[Source "ChessBase"]
[SourceQuality "1"]
[TimeControl "900+5"]

1. e4 c5 2. d4 cxd4 3. c3 d3 4. Bxd3 g6 5. c4 Bg7 6. Nc3 d6 7. h3 Nc6 8. Nf3 Nf6 9. O-O Nd7 10. Be3 Bxc3 11. bxc3 Nc5 12. Bd4 O-O 13. Qd2 e5 14. Be3 f5 15. Bg5 Qe8 16. Bh6 fxe4 17. Bxf8 exf3 18. Bxd6 fxg2 19. Rfe1 Nxd3 20. Qxd3 Bf5 21. Qd5+ Be6 22. Qxg2 Bxc4 23. f4 Be6 24. fxe5 Ne7 25. Qxb7 Nf5 26. Rab1 Rc8 27. Rec1 Qd8 28. Qg2 Nh4 29. Qg3 Nf5 30. Qf4 g5 31. Qf2 g4 32. Rb4 g3 33. Rg4+ Kh8 34. Qxa7 Ra8 35. Qc7 Qxc7 36. Bxc7 Rxa2 37. Bd8 h5 38. Bf6+ Kh7 39. Rg5 h4 40. Rb1 Bd5 41. Rxf5 Rh2 42. Kf1 Rh1+ 43. Ke2 Rxb1 44. Bxh4 g2 45. Bf2 Bc4+ 46. Ke3 Re1+ 47. Kd4 Rf1 48. Ke3 g1=Q 49. Bxg1 Rxf5 0-1

[Event "ESP-ch Rapid 2018"]
[Site "Linares"]
[Date "2018.08.19"]
[Round "6"]
[White "Cabrera Ruiz, Luis"]
[Black "Arjol Lopez, Daniel"]
[Result "0-1"]
[ECO "B39"]
[WhiteElo "2122"]
[BlackElo "2137"]
[Annotator "NA"]
[PlyCount "138"]
[EventDate "2018.08.19"]
[EventType "team-tourn"]
[EventCountry "ESP"]
[SourceTitle "playchess.com"]
[Source "ChessBase"]
[SourceQuality "1"]
[TimeControl "900+5"]

1. e4 c5 2. c4 g6 3. Ne2 Bg7 4. d4 cxd4 5. Nxd4 Nc6 6. Be3 Nf6 7. Nc3 Ng4 8. Qxg4 Nxd4 9. Qd1 Ne6 10. Be2 Bxc3+ 11. bxc3 Qa5 12. Qd2 O-O 13. O-O d6 14. f4 Nc5 15. Qd4 f5 16. e5 Re8 17. Bf3 Bd7 18. Rfe1 Bc6 19. Bxc6 bxc6 20. exd6 exd6 21. Qxd6 Ne4 22. Qxc6 Rad8 23. Bd4 Re7 24. Qb5 Qc7 25. Be5 Qd7 26. Qxd7 Rexd7 27. Bd4 Rc8 28. Reb1 Rxc4 29. Rb3 a5 30. Rab1 Kf7 31. Rb7 Ke6 32. Rxd7 Kxd7 33. Rb5 Ra4 34. Bb6 Rxa2 35. Rxa5 Rb2 36. g4 Rxb6 37. gxf5 gxf5 38. Rxf5 Rg6+ 39. Kf1 Rf6 40. Rxf6 Nxf6 41. Ke2 Nd5 42. Kd3 Nxf4+ 43. Ke4 Ne6 44. Ke5 Ke7 45. c4 Ng5 46. c5 Ne6 47. c6 Nc7 48. Kf5 Kf7 49. Ke5 Nb5 50. Kd5 Kg6 51. Kc5 Na7 52. c7 Kf5 53. Kb6 Nc8+ 54. Kb7 Ne7 55. Kb6 h5 56. Kc5 h4 57. Kd6 Nc8+ 58. Kd5 Kg4 59. Ke4 Kh3 60. Kf3 Kxh2 61. Kf2 h3 62. Kf1 Kg3 63. Kg1 Nd6 64. Kh1 Ne4 65. c8=Q Nf2+ 66. Kg1 h2+ 67. Kf1 h1=Q+ 68. Ke2 Qd1+ 69. Ke3 Qd3# {[%emt 0:00:02] Kd4} 0-1

[Event "ESP-ch Rapid 2018"]
[Site "Linares"]
[Date "2018.08.19"]
[Round "6"]
[White "Sanjuan Garcia, Miguel"]
[Black "Meler Tevar, Sergio"]
[Result "1-0"]
[ECO "B00"]
[WhiteElo "2115"]
[BlackElo "1807"]
[Annotator "NA"]
[PlyCount "61"]
[EventDate "2018.08.19"]
[EventType "team-tourn"]
[EventCountry "ESP"]
[SourceTitle "playchess.com"]
[Source "ChessBase"]
[SourceQuality "1"]
[TimeControl "900+5"]

1. e4 Nc6 2. Nf3 d6 3. d4 e5 4. Bc4 Be7 5. h3 Nf6 6. Nc3 O-O 7. O-O h6 8. Re1 Nh7 9. Nd5 Nxd4 10. Nxd4 exd4 11. Qxd4 Nf6 12. Nxe7+ Qxe7 13. Bd2 Be6 14. Bf1 Nd7 15. Bc3 f6 16. f4 a6 17. b3 b5 18. a4 c5 19. Qd2 b4 20. Bb2 Nb6 21. a5 Nc8 22. Bd3 Qa7 23. Kh1 Qb7 24. Qe3 Qc6 25. Qg3 c4 26. Bf1 c3 27. Bc1 Na7 28. f5 Bc8 29. Bxh6 Rf7 30. Bc4 Qc7 31. Qxg7# 1-0

[Event "ESP-ch Rapid 2018"]
[Site "Linares"]
[Date "2018.08.19"]
[Round "6"]
[White "Arroyo Rodriguez, Jesus"]
[Black "Vega Gutierrez, Sabrina"]
[Result "1/2-1/2"]
[ECO "B34"]
[WhiteElo "2099"]
[BlackElo "2390"]
[Annotator "NA"]
[PlyCount "86"]
[EventDate "2018.08.19"]
[EventType "team-tourn"]
[EventCountry "ESP"]
[SourceTitle "playchess.com"]
[Source "ChessBase"]
[SourceQuality "1"]
[TimeControl "900+5"]

1. e4 c5 2. Nf3 Nc6 3. d4 cxd4 4. Nxd4 Nf6 5. Nc3 e5 6. Ndb5 d6 7. Bg5 a6 8. Bxf6 gxf6 9. Na3 b5 10. Nd5 Bg7 11. g3 f5 12. Bg2 f4 13. c3 Be6 14. Nc2 Ne7 15. Ncb4 Ng6 16. h4 a5 17. h5 axb4 18. hxg6 fxg6 19. gxf4 bxc3 20. Nxc3 exf4 21. Bh3 Bc4 22. Qd2 Qe7 23. O-O-O Be5 24. Nd5 Qb7 25. b3 Bxd5 26. exd5 Qc7+ 27. Kb1 Qc3 28. Qxc3 Bxc3 29. Rd3 b4 30. a4 Ke7 31. Be6 h5 32. Rf3 g5 33. Rg1 Kf6 34. Kc2 Ra7 35. Kd3 Rhh7 36. Ke4 Rhc7 37. Rh3 h4 38. Rc1 Be5 39. Rhh1 Bb2 40. Rxc7 Rxc7 41. Rb1 Be5 42. Bg4 Rc2 43. f3 Rc3 1/2-1/2

[Event "ESP-ch Rapid 2018"]
[Site "Linares"]
[Date "2018.08.19"]
[Round "6"]
[White "Lopez Gonzalez, Alfonso"]
[Black "Vazquez Pino, Miguel A"]
[Result "0-1"]
[ECO "E32"]
[WhiteElo "2063"]
[BlackElo "1909"]
[Annotator "NA"]
[PlyCount "44"]
[EventDate "2018.08.19"]
[EventType "team-tourn"]
[EventCountry "ESP"]
[SourceTitle "playchess.com"]
[Source "ChessBase"]
[SourceQuality "1"]
[TimeControl "900+5"]

1. d4 Nf6 2. c4 e6 3. Nc3 Bb4 4. Qc2 O-O 5. e4 d5 6. e5 Ne4 7. Bd3 c5 8. a3 Bxc3+ 9. bxc3 cxd4 10. cxd4 Qa5+ 11. Kf1 Nc6 12. Ne2 Nb4 13. axb4 Qxa1 14. f3 Bd7 15. fxe4 dxc4 16. Bxc4 Rac8 17. Qa2 Qxa2 18. Bxa2 Bb5 19. Kf2 Rc2 20. Bb3 Rxe2+ 21. Kf3 Rc8 22. Ba4 Rc3+ 0-1

[Event "ESP-ch Rapid 2018"]
[Site "Linares"]
[Date "2018.08.19"]
[Round "6"]
[White "Bento Iglesias, Pablo"]
[Black "Perera Borrego, Maria Adela"]
[Result "0-1"]
[ECO "C00"]
[WhiteElo "2007"]
[BlackElo "2177"]
[Annotator "NA"]
[PlyCount "126"]
[EventDate "2018.08.19"]
[EventType "team-tourn"]
[EventCountry "ESP"]
[SourceTitle "playchess.com"]
[Source "ChessBase"]
[SourceQuality "1"]
[TimeControl "900+5"]

1. e4 e6 2. c4 e5 3. Nf3 d6 4. Nc3 Nf6 5. Be2 g6 6. O-O Bg7 7. d4 exd4 8. Nxd4 O-O 9. f4 Re8 10. Bf3 c6 11. Kh1 Nbd7 12. Be3 Nc5 13. Qc2 Qe7 14. e5 dxe5 15. fxe5 Qxe5 16. Bg1 Bg4 17. Qf2 Bxf3 18. Nxf3 Nce4 19. Nxe5 Nxf2+ 20. Bxf2 Rxe5 21. Rad1 c5 22. h3 b6 23. Bh4 g5 24. Bg3 Re3 25. Bf2 Re6 26. Nb5 Re7 27. b3 Ne4 28. Nd6 Nxd6 29. Rxd6 Rae8 30. a4 f5 31. Rd5 Re5 32. Rfd1 Kf7 33. h4 h6 34. Rd7+ R8e7 35. R1d5 Bf6 36. Rxe5 Bxe5 37. Rxe7+ Kxe7 38. hxg5 hxg5 39. Be3 Bf6 40. Kh2 Ke6 41. Bd2 f4 42. a5 Kf5 43. axb6 axb6 44. b4 g4 45. bxc5 bxc5 46. Ba5 Be5 47. Bb6 Bd6 48. Kg1 Ke4 49. Kf2 Kd4 50. Ke2 Kxc4 51. Bd8 Kd4 52. Bb6 Kd5 53. Kd3 c4+ 54. Ke2 Ke4 55. Ba5 Be5 56. Bb6 Bd4 57. Bc7 f3+ 58. gxf3+ gxf3+ 59. Kd2 c3+ 60. Ke1 Be3 61. Kd1 f2 62. Ke2 c2 63. Ba5 f1=Q+ 0-1

[Event "ESP-ch Rapid 2018"]
[Site "Linares"]
[Date "2018.08.19"]
[Round "6"]
[White "Ordonez Torres, Jesus"]
[Black "Guadamuro Torrente, Anabel"]
[Result "1/2-1/2"]
[ECO "C44"]
[WhiteElo "1989"]
[BlackElo "2145"]
[Annotator "NA"]
[PlyCount "102"]
[EventDate "2018.08.19"]
[EventType "team-tourn"]
[EventCountry "ESP"]
[SourceTitle "playchess.com"]
[Source "ChessBase"]
[SourceQuality "1"]
[TimeControl "900+5"]

1. e4 e5 2. Nf3 Nc6 3. d4 exd4 4. Nxd4 g6 5. Nxc6 bxc6 6. Qd4 Qf6 7. e5 Qe6 8. Bc4 d5 9. Bb3 Bg7 10. O-O Ne7 11. Re1 O-O 12. Bf4 Nf5 13. Qd2 Bb7 14. Nc3 Rad8 15. Na4 Rb8 16. Rad1 h6 17. h3 g5 18. Bh2 Nh4 19. Nc5 Qe7 20. Qa5 Bc8 21. Nd3 Ra8 22. Qa4 Bd7 23. Qd4 Bxh3 24. Bg3 Nxg2 25. Kh2 Nxe1 26. Rxe1 Be6 27. c3 h5 28. Kg2 h4 29. Bh2 g4 30. Nf4 h3+ 31. Kg1 c5 32. Qe3 c4 33. Bc2 Qd7 34. Nh5 Qe7 35. Bf4 Qh4 36. Ng3 h2+ 37. Kh1 Rfd8 38. Bg5 Qh3 39. Bxd8 Rxd8 40. Qg5 Rd7 41. Bf5 d4 42. Bxe6 fxe6 43. Qg6 Rf7 44. Qxe6 d3 45. Qe8+ Rf8 46. Qe6+ Kh8 47. Rf1 d2 48. Qd5 Qxg3 49. fxg3 Rxf1+ 50. Kxh2 d1=Q 51. Qa8+ Rf8 1/2-1/2

[Event "ESP-ch Rapid 2018"]
[Site "Linares"]
[Date "2018.08.19"]
[Round "6"]
[White "Ruiz Casado, Francisco Javier"]
[Black "Suarez Uriel, Adrian"]
[Result "0-1"]
[ECO "D70"]
[WhiteElo "1975"]
[BlackElo "2391"]
[Annotator "NA"]
[PlyCount "106"]
[EventDate "2018.08.19"]
[EventType "team-tourn"]
[EventCountry "ESP"]
[SourceTitle "playchess.com"]
[Source "ChessBase"]
[SourceQuality "1"]
[TimeControl "900+5"]

1. d4 Nf6 2. c4 g6 3. Nf3 Bg7 4. e3 O-O 5. Be2 d5 6. O-O c6 7. b3 Ne4 8. Bb2 Nd7 9. Nc3 Ndf6 10. Nxe4 Nxe4 11. Nd2 f5 12. f3 Nd6 13. f4 e6 14. Nf3 b6 15. Ne5 Bb7 16. Ba3 Re8 17. Bxd6 Qxd6 18. Bf3 c5 19. Rc1 cxd4 20. exd4 Rac8 21. Rf2 Re7 22. Rfc2 Rec7 23. cxd5 Rxc2 24. Rxc2 Rxc2 25. Qxc2 Bxd5 26. Qc8+ Bf8 27. Bxd5 Qxd5 28. Qd7 Qxd7 29. Nxd7 Ba3 30. d5 exd5 31. Nf6+ Kf7 32. Nxd5 Ke6 33. Ne3 Bc1 34. Nc2 Bxf4 35. g3 Bd6 36. Kf2 Kd5 37. Kf3 a5 38. h3 b5 39. g4 fxg4+ 40. hxg4 Bc5 41. Kf4 h6 42. Kf3 Ke5 43. a3 b4 44. axb4 axb4 45. Ne1 Kd4 46. Ke2 Kc3 47. Nd3 Bd6 48. Nc1 Kc2 49. Nd3 Kxb3 50. Nf2 Kc4 51. Ne4 Be7 52. Nd2+ Kc3 53. Ne4+ Kd4 0-1

[Event "ESP-ch Rapid 2018"]
[Site "Linares"]
[Date "2018.08.19"]
[Round "6"]
[White "Gonzalez Fernandez, Manuel Jesus"]
[Black "Fernandez De Bobadilla, Gabriel"]
[Result "0-1"]
[ECO "B30"]
[WhiteElo "1340"]
[BlackElo "2175"]
[Annotator "NA"]
[PlyCount "43"]
[EventDate "2018.08.19"]
[EventType "team-tourn"]
[EventCountry "ESP"]
[SourceTitle "playchess.com"]
[Source "ChessBase"]
[SourceQuality "1"]
[TimeControl "900+5"]

1. e4 c5 2. Nf3 Nc6 3. c3 d5 4. exd5 Qxd5 5. d4 e6 6. Be3 cxd4 7. cxd4 Nf6 8. Nc3 Qd8 9. Bb5 Bb4 10. Qa4 Bd7 11. Bxc6 Bxc3+ 12. bxc3 Bxc6 13. Qd1 Qa5 14. Bd2 Qa6 15. Qe2 Bb5 16. Qe5 O-O 17. Bg5 Nd5 18. h4 f6 19. Bxf6 Rxf6 20. h5 Nf4 21. Qe4 Nd3+ 22. Kd2 0-1

[Event "ESP-ch Rapid 2018"]
[Site "Linares"]
[Date "2018.08.19"]
[Round "7"]
[White "Fernandez Garcia, Jose Miguel"]
[Black "Centron Antuna, Daniel"]
[Result "0-1"]
[ECO "B32"]
[WhiteElo "2404"]
[BlackElo "2231"]
[Annotator "NA"]
[PlyCount "87"]
[EventDate "2018.08.19"]
[EventType "team-tourn"]
[EventCountry "ESP"]
[SourceTitle "playchess.com"]
[Source "ChessBase"]
[SourceQuality "1"]
[TimeControl "900+5"]

1. e4 c5 2. Ne2 Nc6 3. d4 cxd4 4. Nxd4 e5 5. Nb5 a6 6. Nd6+ Bxd6 7. Qxd6 Qf6 8. Qd1 Qg6 9. Nc3 d5 10. Nxd5 Qxe4+ 11. Be3 Nd4 12. Nc7+ Ke7 13. Rc1 Bg4 14. Qd3 Qxd3 15. Bxd3 Rd8 16. c4 Nf6 17. Bg5 Nf3+ 18. gxf3 Bxf3 19. Kd2 Bxh1 20. Rxh1 e4 21. Nd5+ Rxd5 22. cxd5 exd3 23. Kxd3 Kd6 24. Bxf6 gxf6 25. Rg1 Kxd5 26. Rg7 Ke6 27. Rg4 Rd8+ 28. Ke2 Rc8 29. Kd2 Rc5 30. Rh4 h5 31. Rb4 b5 32. Rh4 a5 33. a3 Rf5 34. Ke3 Kd6 35. Rd4+ Kc6 36. Rh4 Kc5 37. b4+ axb4 38. axb4+ Kd6 39. Rd4+ Ke6 40. Rh4 Rg5 41. f3 Ke7 42. Kd3 Re5 43. Rd4 Kf8 44. Rd5 0-1

[Event "ESP-ch Rapid 2018"]
[Site "Linares"]
[Date "2018.08.19"]
[Round "7"]
[White "Camacho Collados, Marcos"]
[Black "Jimenez Martinez, Jose Vicente"]
[Result "0-1"]
[ECO "B08"]
[WhiteElo "2393"]
[BlackElo "2243"]
[Annotator "NA"]
[PlyCount "75"]
[EventDate "2018.08.19"]
[EventType "team-tourn"]
[EventCountry "ESP"]
[SourceTitle "playchess.com"]
[Source "ChessBase"]
[SourceQuality "1"]
[TimeControl "900+5"]

1. d4 g6 2. e4 d6 3. Nf3 Bg7 4. Nc3 Nf6 5. h3 O-O 6. Be3 b6 7. Bd3 Ba6 8. Bxa6 Nxa6 9. Qe2 Qc8 10. O-O-O c5 11. e5 Nd7 12. Nd5 Re8 13. Bg5 f6 14. Bh4 cxd4 15. exd6 exd6 16. Ne7+ Kf8 17. Rhe1 Qd8 18. Qxa6 Rxe7 19. Nxd4 Nc5 20. Qb5 a6 21. Qc6 Rc8 22. Rxe7 Kxe7 23. Qd5 Qc7 24. b4 Nd7 25. f4 Qc4 26. Re1+ Ne5 27. Qxc4 Rxc4 28. fxe5 Bh6+ 29. Kb2 Rxd4 30. Bxf6+ Ke6 31. Re2 Rxb4+ 32. Kc3 Rb5 33. Bh8 dxe5 34. Rf2 Bf4 35. g3 Bxg3 36. Rf6+ Kd5 37. Rf7 h6 38. Rf8 0-1

[Event "ESP-ch Rapid 2018"]
[Site "Linares"]
[Date "2018.08.19"]
[Round "7"]
[White "Suarez Uriel, Adrian"]
[Black "Redondo Flores, David"]
[Result "1-0"]
[ECO "B90"]
[WhiteElo "2391"]
[BlackElo "1971"]
[Annotator "NA"]
[PlyCount "77"]
[EventDate "2018.08.19"]
[EventType "team-tourn"]
[EventCountry "ESP"]
[SourceTitle "playchess.com"]
[Source "ChessBase"]
[SourceQuality "1"]
[TimeControl "900+5"]

1. e4 c5 2. Nf3 d6 3. d4 cxd4 4. Nxd4 Nf6 5. Nc3 a6 6. h3 e5 7. Nb3 b5 8. f4 Bb7 9. fxe5 Nxe4 10. Nxe4 Bxe4 11. Be3 Be7 12. exd6 Bh4+ 13. Bf2 Bxf2+ 14. Kxf2 O-O 15. Bd3 Qb6+ 16. Kf1 Bg6 17. Qf3 Nd7 18. Qd5 Rac8 19. Qd4 Bxd3+ 20. cxd3 Rc2 21. Qxb6 Nxb6 22. Re1 Rd8 23. Re2 Rc6 24. Kf2 Rcxd6 25. Rd1 g6 26. Nc5 Nd5 27. Kg3 Nb4 28. a3 Nc6 29. Kh2 Nd4 30. Re7 Rc6 31. b4 a5 32. Rf1 f5 33. Rb7 Re8 34. Rf4 Nc2 35. Rxb5 axb4 36. axb4 Kg7 37. Rb7+ Kf6 38. Rc4 Rd6 39. Rxc2 1-0

[Event "ESP-ch Rapid 2018"]
[Site "Linares"]
[Date "2018.08.19"]
[Round "7"]
[White "Vega Gutierrez, Sabrina"]
[Black "Cuevas Fernandez, Jose Alberto"]
[Result "1-0"]
[ECO "B85"]
[WhiteElo "2390"]
[BlackElo "2147"]
[Annotator "NA"]
[PlyCount "49"]
[EventDate "2018.08.19"]
[EventType "team-tourn"]
[EventCountry "ESP"]
[SourceTitle "playchess.com"]
[Source "ChessBase"]
[SourceQuality "1"]
[TimeControl "900+5"]

1. e4 c5 2. Nf3 e6 3. d4 cxd4 4. Nxd4 a6 5. Be2 Qc7 6. O-O Nf6 7. Nc3 d6 8. f4 Nbd7 9. Kh1 h5 10. Bf3 Rb8 11. a4 b6 12. e5 dxe5 13. fxe5 Ng4 14. Bf4 Bb7 15. Bxg4 hxg4 16. Qxg4 Qc4 17. Rad1 Nc5 18. Nde2 Nd7 19. Rd4 Qc6 20. Rfd1 Nc5 21. Bg5 Qc7 22. b4 f6 23. bxc5 fxg5 24. Qxe6+ Qe7 25. Qg6+ 1-0

[Event "ESP-ch Rapid 2018"]
[Site "Linares"]
[Date "2018.08.19"]
[Round "7"]
[White "Campos Gambuti, Luis Maria"]
[Black "Buendia Pinar, Alvaro"]
[Result "1/2-1/2"]
[ECO "D02"]
[WhiteElo "2382"]
[BlackElo "2278"]
[Annotator "NA"]
[PlyCount "87"]
[EventDate "2018.08.19"]
[EventType "team-tourn"]
[EventCountry "ESP"]
[SourceTitle "playchess.com"]
[Source "ChessBase"]
[SourceQuality "1"]
[TimeControl "900+5"]

1. d4 d5 2. Nf3 Nf6 3. Bf4 a6 4. e3 Nbd7 5. c4 e6 6. Nc3 c6 7. c5 b6 8. b4 Be7 9. h3 bxc5 10. bxc5 Ne4 11. Nxe4 dxe4 12. Nd2 e5 13. dxe5 Qa5 14. Bc4 Nxc5 15. O-O O-O 16. Nb3 Nxb3 17. axb3 Qb6 18. Qh5 c5 19. Rfd1 Be6 20. Bg5 Bxg5 21. Qxg5 Bxc4 22. bxc4 a5 23. Qf5 Qg6 24. Qd7 Qe6 25. Qb5 Qxe5 26. Rxa5 Rac8 27. Qb7 Qc3 28. Qa6 h6 29. Raa1 Rcd8 30. Qb5 Rb8 31. Qxc5 Rbc8 32. Qd4 Qxc4 33. Ra7 Qe6 34. Qd5 Qxd5 35. Rxd5 Rce8 36. Rd4 Re6 37. Raa4 Rfe8 38. g4 g6 39. Kg2 Kg7 40. Kg3 R8e7 41. h4 Re8 42. Kg2 Re5 43. Kg3 R5e6 44. Kg2 1/2-1/2

[Event "ESP-ch Rapid 2018"]
[Site "Linares"]
[Date "2018.08.19"]
[Round "7"]
[White "Domingo Nunez, Alejandro"]
[Black "Tejedor Fuente, Enrique"]
[Result "0-1"]
[ECO "B11"]
[WhiteElo "2373"]
[BlackElo "2408"]
[Annotator "NA"]
[PlyCount "118"]
[EventDate "2018.08.19"]
[EventType "team-tourn"]
[EventCountry "ESP"]
[SourceTitle "playchess.com"]
[Source "ChessBase"]
[SourceQuality "1"]
[TimeControl "900+5"]

1. e4 c6 2. Nf3 d5 3. Nc3 Bg4 4. h3 Bxf3 5. Qxf3 e6 6. d3 Nd7 7. Bd2 Bd6 8. d4 Ne7 9. Bd3 Qb6 10. e5 Bc7 11. Qg4 h5 12. Qh4 c5 13. dxc5 Nxc5 14. Bb5+ Kf8 15. Bg5 Nf5 16. Qb4 a6 17. O-O-O axb5 18. g4 Nh6 19. Be3 Kg8 20. Bxc5 Qc6 21. f4 Ba5 22. Qa3 Kh7 23. Bb4 Bb6 24. Qb3 Be3+ 25. Kb1 Bxf4 26. Bd6 Rhc8 27. Rhf1 Bg5 28. Rf3 hxg4 29. hxg4 Qc4 30. Nxb5 Qxg4 31. Qd3+ Qe4 32. Rh1 Qxd3 33. cxd3 Kg8 34. Rg1 Bd8 35. Rfg3 Nf5 36. Rh3 Ra5 37. Rgh1 Nh6 38. Nd4 Ra4 39. Nb3 b6 40. Nd2 Rc6 41. Ba3 Bc7 42. Nf3 Rf4 43. Be7 Rxf3 44. Rxf3 Bxe5 45. Bg5 Nf5 46. Rfh3 f6 47. Rh8+ Kf7 48. Bd2 Rc7 49. Rb8 Rc6 50. Rb7+ Kg8 51. Rc1 Rxc1+ 52. Kxc1 Bd4 53. a4 g5 54. a5 bxa5 55. Bxa5 g4 56. Bb6 g3 57. Bc7 e5 58. Rb8+ Kg7 59. Bd6 Nxd6 0-1

[Event "ESP-ch Rapid 2018"]
[Site "Linares"]
[Date "2018.08.19"]
[Round "7"]
[White "Lianes Garcia, Marcos"]
[Black "Estremera Panos, Sergio"]
[Result "1-0"]
[ECO "B20"]
[WhiteElo "2340"]
[BlackElo "2337"]
[Annotator "NA"]
[PlyCount "105"]
[EventDate "2018.08.19"]
[EventType "team-tourn"]
[EventCountry "ESP"]
[SourceTitle "playchess.com"]
[Source "ChessBase"]
[SourceQuality "1"]
[TimeControl "900+5"]

1. e4 c5 2. g3 Nc6 3. Bg2 g6 4. Ne2 Bg7 5. c3 e5 6. O-O Nge7 7. d3 d5 8. exd5 Nxd5 9. Na3 O-O 10. Nc2 Re8 11. d4 exd4 12. cxd4 Bg4 13. f3 Bf5 14. dxc5 Ndb4 15. Nxb4 Nxb4 16. Nc3 Qxd1 17. Rxd1 Nc2 18. Rb1 Ne1 19. Ra1 Nc2 20. Rb1 Bd4+ 21. Kh1 Bxc5 22. Bf4 Be3 23. Ne4 Bxf4 24. gxf4 Kg7 25. Rd2 Ne3 26. Re1 Nxg2 27. Kxg2 Rad8 28. Rxd8 Rxd8 29. Re2 h5 30. Rd2 Rd7 31. Rxd7 Bxd7 32. Kf2 Bc6 33. Ke3 Kf8 34. h4 Ke7 35. Nc5 Kd6 36. Nd3 Ke6 37. Nf2 f6 38. Nh1 g5 39. fxg5 fxg5 40. hxg5 Kf5 41. g6 Kxg6 42. Kf4 Bd7 43. a3 h4 44. Nf2 Kf6 45. Ne4+ Kg6 46. Nf2 Kf6 47. Ne4+ Kg6 48. Nf2 b6 49. Ne4 a5 50. b4 a4 51. Nc3 b5 52. Ne4 h3 53. Kg3 1-0